 Dungeon Crawl Stone Soup version 0.27.0-1-g7a089689b8 (webtiles) character file.

Game seed: 7982533448543576962

571 DocSulfur the Vexing (level 7, -16/52 HPs)
             Began as a Mummy Abyssal Knight on Aug 1, 2021.
             Was a Priest of Lugonu.
             Demolished by an ogre (17 damage)
             ... on level 5 of the Dungeon.
             The game lasted 00:27:34 (5604 turns).

DocSulfur the Vexing (Mummy Abyssal Knight)         Turns: 5604, Time: 00:27:35

Health: -16/52     AC:  8    Str: 16    XL:     7   Next: 11%
Magic:  10/11      EV:  9    Int: 12    God:    Lugonu [***...]
Gold:   156        SH:  0    Dex: 12    Spells: 8/12 levels left

rFire    x . .     SeeInvis .   t - +3 flail (protect)
rCold    + . .     Faith    .   (no shield)
rNeg     + + +     Spirit   .   y - +0 scale mail
rPois    ∞         Reflect  .   (no helmet)
rElec    .         Harm     .   (no cloak)
rCorr    .         Rampage  .   j - +0 pair of gloves
Will     .....                  d - +0 pair of boots
Stlth    ..........             (no amulet)
HPRegen  0.17/turn              (no ring)
MPRegen  0.12/turn              (no ring)

@: no status effects
A: cold resistance 1, negative energy resistance 3, torment resistance 2, heat
vulnerability 1, no potions
a: Renounce Religion, Depart the Abyss, Bend Space, Banish


You were on level 5 of the Dungeon.
You worshipped Lugonu.
Lugonu was most pleased with you.
You visited 1 branch of the dungeon, and saw 5 of its levels.
You visited the Abyss 1 time.

You collected 156 gold pieces.

Inventory:

Hand Weapons
 a - a +1 hand axe
 h - a +0 dagger
 l - a +0 flail
 s - a +0 dagger of speed
 t - a +3 flail of protection (weapon)
 w - a +0 war axe
 x - a +2 short sword of speed
Missiles
 e - 3 javelins (quivered)
 n - 25 arrows
 p - 24 bolts
 u - 5 boomerangs
Armour
 b - a +0 leather armour
 d - a +0 pair of boots (worn)
 j - a +0 pair of gloves (worn)
 v - a +1 robe of willpower
 y - a +0 scale mail (worn)
 z - a +0 chain mail
Magical Staves
 f - a staff of death
Scrolls
 c - a scroll of enchant armour {unknown}
 g - a scroll of fear
 i - a scroll of brand weapon {unknown}
 k - a scroll of magic mapping {unknown}
 m - a scroll of noise {unknown}
 o - a scroll of teleportation {unknown}
 q - a scroll of amnesia {unknown}
 r - 2 scrolls of enchant weapon
 A - a scroll of holy word {unknown}


   Skills:
 - Level 3.0 Fighting
 - Level 2.0 Axes
 - Level 1.5 Armour
 - Level 0.7 Dodging
 - Level 3.0 Spellcasting
 + Level 4.9 Hexes
 - Level 4.0 Invocations


You had 8 spell levels left.
You knew the following spells:

 Your Spells              Type           Power      Damage    Failure   Level
a - Corona                Hex            14%        N/A       12%         1
b - Tukima's Dance        Hex            13%        N/A       34%         3

Your spell library contained the following spells:

 Spells                   Type           Power      Damage    Failure   Level
 Ensorcelled Hibernation  Hex/Ice        14%        N/A       45%         2
 Passwall                 Tmut/Erth      0%         N/A       80%         2
 Swiftness                Air            1%         N/A       95%         3
 Invisibility             Hex            6%         N/A       100%        6


Dungeon Overview and Level Annotations

Branches:
Dungeon (5/15)
 Temple: D:4-7

Altars:
Ru
Wu Jian

Shops:
D:2 !   D:3 ([:

Annotations:
D:1 exclusion: downstairs
D:2 Sigmund


Innate Abilities, Weirdness & Mutations

You are immune to poison.
Your flesh is cold resistant. (rC+)
You are immune to negative energy. (rN+++)
You are immune to unholy pain and torment.
You are vulnerable to heat. (rF-)
You do not drink.


Message History

An ogre comes into view. It is wielding a +0 giant spiked club.
Found a hunting sling.
You now have 156 gold pieces (gained 14).
Throw: 6 javelins
Press: ? - help, Q - select action, (/) - cycle Shift-Dir - straight line, f - ogre
Aim: an ogre, wielding a +0 giant spiked club (73% to hit)
You throw a javelin. The javelin completely misses the ogre.
Unknown command.
Throw: 5 javelins
Press: ? - help, Q - select action, (/) - cycle Shift-Dir - straight line, f/p - ogre
Aim: an ogre, wielding a +0 giant spiked club (73% to hit)
You throw a javelin.
The javelin pierces through the ogre but does no damage.
The ogre hits you with a +0 giant spiked club.
Space bends around you!
You blink.
Found a bubbling pink potion.
Throw: 4 javelins
Press: ? - help, Q - select action, (/) - cycle Shift-Dir - straight line, f/p - ogre
Aim: an ogre, wielding a +0 giant spiked club (translocational energy, 73% to hit)
You throw a javelin. The javelin pierces through the ogre.
The ogre is lightly wounded.
You barely miss the ogre.
The ogre is lightly wounded.
The ogre hits you with a +0 giant spiked club!!
Ouch! That really hurt!
* * * LOW HITPOINT WARNING * * *
You can't drink.
Unknown command.
Press: ? - help, Shift-Dir - straight line, f/p - ogre
Aim: an ogre, wielding a +0 giant spiked club (lightly wounded, chance to affect: 83%)
You fail to use your ability.
The ogre hits you with a +0 giant spiked club!
* * * LOW HITPOINT WARNING * * *
Okay, then.
Okay, then.
You see here a +0 hunting sling.
You can't drink.
Space bends around you!
You blink.
The ogre hits you with a +0 giant spiked club!
You die...

### ..# #.# #.##
#.#############
.
#(.......@O§!.#
.#
##(###########.#
..## ##(#### #
##.###.....##
#.......<...#
#.##.#####..# #.
#.# .O# #. #†#
.# #. #.# #


You could see an ogre.

Vanquished Creatures
  A water moccasin zombie (D:4)
  A bullfrog zombie (D:4)
  An orc priest (D:3)
  3 iguanas
  2 scorpion zombies (D:4)
  An orc wizard (D:4)
  6 hound zombies (D:4)
  3 hound skeletons (D:4)
  2 howler monkey zombies (D:4)
  2 adders (D:2)
  4 adder skeletons (D:4)
  4 adder zombies (D:4)
  3 worms
  2 dart slugs
  15 orcs
  5 endoplasms
  2 giant cockroaches
  4 goblins
  4 hobgoblins
  16 jackals
  4 kobolds
  A quokka (D:4)
  6 ball pythons
  10 bats
  A jackal skeleton (D:4)
  2 quokka zombies (D:4)
  2 rats (D:3)
107 creatures vanquished.

Vanquished Creatures (others)
  A quokka (D:1)
  7 fungi (D:4)
  3 plants (D:1)
  10 withered plants (D:4)
21 creatures vanquished.

Grand Total: 128 creatures vanquished

Notes
Turn   | Place    | Note
-------+----------+-------------------------------------------
     0 | Abyss:1  | DocSulfur the Mummy Abyssal Knight began the quest for the
                  | Orb.
     0 | Abyss:1  | Reached XP level 1. HP: 18/18 MP: 2/2
    21 | D:1      | Escaped the Abyss
   492 | D:1      | Reached XP level 2. HP: 24/24 MP: 3/3
  1265 | D:2      | Reached XP level 3. HP: 15/29 MP: 5/5
  1692 | D:2      | Noticed Sigmund
  2078 | D:2      | Found a faded altar of an unknown god.
  2160 | D:2      | Found Kesuth's Distillery.
  2267 | D:3      | Found Xelus's Antique Armour Shop.
  2271 | D:3      | Found Sulu's Book Boutique.
  2325 | D:3      | Reached XP level 4. HP: 30/35 MP: 6/6
  2386 | D:3      | Reached ** piety under Lugonu
  2954 | D:3      | Found Fyegesme's Weapon Boutique.
  3284 | D:4      | Reached XP level 5. HP: 32/41 MP: 6/8
  3286 | D:4      | Learned a level 1 spell: Corona
  3290 | D:4      | Learned a level 3 spell: Tukima's Dance
  3631 | D:4      | Reached skill level 1 in Hexes
  3899 | D:4      | Reached XP level 6. HP: 39/47 MP: 10/10
  4389 | D:4      | Found a sacrificial altar of Ru.
  4755 | D:4      | Reached *** piety under Lugonu
  4893 | D:4      | Found an ornate altar of the Wu Jian Council.
  4946 | D:4      | Reached XP level 7. HP: 14/52 MP: 11/11
  5399 | D:5      | Entered Level 5 of the Dungeon
  5598 | D:5      | HP: 2/52 [ogre (9)]
  5604 | D:5      | Demolished by an ogre

Illustrated notes

Levels and vault maps discovered:
D:1:      wander_arrival_fairy_ring, layout_basic, lemuel_flame_loot_1
D:2:      layout_basic, hellmonk_ecumenical_altar_crossroads, serial_shops,
          shop_fountains, minmay_misc_feat_enclosed, uniq_sigmund
D:3:      layout_rooms, serial_shops, shop_statue, nicolae_lakefront_shop, shop,
          kennysheep_potato
D:4:      layout_cave_pools, mainiacjoe_overflow_alcove_2,
          mainiacjoe_overflow_boulevard, serial_undead, serial_undead_f,
          serial_undead_d, serial_undead_f, serial_undead_e, serial_undead_d,
          serial_undead_e, serial_undead_f, serial_undead_e, serial_undead_d,
          serial_undead_d
D:5:      layout_loops_ring

Skill      XL: |  1  2  3  4  5  6 |
---------------+-------------------+-----
Invocations    | 2 3 4 |  4.0
Axes           | 2 |  2.0
Spellcasting   | 2 3 |  3.0
Hexes          | 2 4 |  4.9
Fighting       | |  3.0
Armour         | |  1.5
Dodging        | |  0.7

Action                   |  1- 3 |  4- 6 |  7- 9 || total
-------------------------+-------+-------+-------++-------
Melee: Hand axe          |   140 |    37 |       ||   177
       Flail             |       |   247 |    30 ||   277
Throw: Javelin           |       |    18 |     5 ||    23
Invok: Bend Space        |       |       |     2 ||     2
  Use: Scroll            |       |       |     2 ||     2
Armor: Leather armour    |    79 |   107 |       ||   186
       Skin              |       |     3 |       ||     3
       Robe              |       |       |     7 ||     7
       Scale mail        |       |       |     3 ||     3
Dodge: Dodged            |   127 |   192 |    19 ||   338
